 Dungeon Crawl Stone Soup version 0.30-a0-1114-gd936c97349 (webtiles) character file.

Game seed: 13849091575778424267

408 jasper the Grave Robber (level 6, 0/46 HPs)
             Began as a Mummy Necromancer on Apr 20, 2023.
             Slain by a gnoll
             ... wielding a +0 flail
             ... led by a gnoll sergeant
              (4 damage)
             ... on level 5 of the Dungeon.
             The game lasted 00:05:11 (3435 turns).

jasper the Grave Robber (Mummy Necromancer)         Turns: 3435, Time: 00:05:11

Health: 0/46       AC:  4    Str: 11    XL:     6   Next: 57%
Magic:  0/13       EV: 12    Int: 17    God:
Gold:   177        SH:  0    Dex: 12    Spells: 7/15 levels left

rFire   x . .      SeeInvis .    o - +0 trident
rCold   + . .      Faith    +    (no shield)
rNeg    + + +      Spirit   .    a - +0 robe
rPois   ∞          Reflect  .    (no helmet)
rElec   .          Rampage  .    m - +0 cloak
rCorr   .                        d - +0 pair of gloves
Will    .....                    (no boots)
Stlth   ++                       (no amulet)
HPRegen 0.27/turn                (no ring)
MPRegen 0.13/turn                (no ring)

@: no status effects
A: cold resistance 1, negative energy resistance 3, torment resistance 2, heat
vulnerability 1, in touch with death 1, no potions, faith
a: no special abilities


You were on level 5 of the Dungeon.
You visited 1 branch of the dungeon, and saw 5 of its levels.

You collected 177 gold pieces.

Inventory:

Hand Weapons
 f - a +1 mace
 l - a +0 short sword
 o - a +0 trident (weapon)
Missiles
 c - 84 stones
 g - 2 datura-tipped darts
 k - 6 poisoned darts
 n - 4 javelins
Armour
 a - a +0 robe (worn)
 d - a +0 pair of gloves (worn)
 m - a +0 cloak (worn)
Jewellery
 p - a +6 ring of strength
Scrolls
 e - 3 scrolls of magic mapping
 h - 2 scrolls of teleportation
 i - a scroll of noise
 j - a scroll of enchant weapon
 q - a scroll of summoning
 r - a scroll of fog {unknown}


   Skills:
 + Level 2.7 Fighting
 + Level 2.0 Armour
 + Level 2.7 Dodging
 - Level 1.5 Stealth
 - Level 5.0 Spellcasting
 - Level 5.0 Necromancy


You had 7 spell levels left.
You knew the following spells:

 Your Spells              Type           Power      Damage    Failure   Level
a - Necrotise             Necr           100%       1d9       1%          1
b - Vampiric Draining     Necr           32%        2d8       5%          3
c - Animate Dead          Necr           32%        N/A       19%         4

Your spell library contained the following spells:

 Spells                   Type           Power      Damage    Failure   Level
 Ensorcelled Hibernation  Hex/Ice        8%         N/A       22%         2
 Anguish                  Hex/Necr       9%         N/A       45%         4
 Agony                    Necr           32%        N/A       45%         5
 Spider Form              Tmut/Pois      Unusable   N/A       N/A         3

Dungeon Overview and Level Annotations

Branches:
Dungeon (5/15)
 Temple: D:4-7

Altars:
Ashenzari
Vehumet


Innate Abilities, Weirdness & Mutations

You are immune to poison.
Your flesh is cold resistant. (rC+)
You are immune to negative energy. (rN+++)
You are immune to unholy pain and torment.
You are vulnerable to heat. (rF-)
You are in touch with the powers of death.
You do not drink.
You have a special connection with the divine. (Faith)


Message History

The gnoll attacks as you move away! The gnoll completely misses you.
Aiming: Necrotise (safe; 1% risk of failure)
Press: ? - help, Q - select action, (/) - cycle Shift-Dir - straight line, f/p - gnoll sergeant
Aim: a gnoll sergeant, wielding a +0 spear, wearing a +0 ring mail and wearing a +0 buckler (almost dead, chance to affect: 83%)
You feel a surge of power!
The gnoll sergeant writhes in agony!
You kill the gnoll sergeant!
The dead are walking!
Your Armour skill increases to level 2!
You now have 0/13 mp.
A gnoll comes into view. It is wielding a +0 whip.
The gnoll hits you with a +0 flail.
Your gnoll sergeant skeleton completely misses the gnoll.
A gnoll comes into view. It is wielding a +0 vampiric spear.
Your gnoll sergeant skeleton barely misses the gnoll.
The gnoll attacks as you move away! The gnoll barely misses you.
Something hits your gnoll sergeant skeleton.
Aiming: Necrotise (safe; 1% risk of failure)
Press: ? - help, Q - select action, (/) - cycle Shift-Dir - straight line, f - gnoll
Aim: a gnoll, wielding a +0 flail (heavily wounded, ally target, chance to affect: 88%)
You feel a surge of power!
The gnoll writhes in agony.
The gnoll hits you with a +0 flail.
* * * LOW HITPOINT WARNING * * *
You take 4 damage, and have 13/46 hp.
You now have 0/13 mp.
You closely miss the gnoll.
The gnoll is severely wounded.
Your gnoll sergeant skeleton hits the gnoll.
The gnoll barely misses you.
The gnoll hits your gnoll sergeant skeleton with a +0 whip.
You completely miss the gnoll.
The gnoll is almost dead.
The gnoll hits you with a +0 flail!
* * * LOW HITPOINT WARNING * * *
Your gnoll sergeant skeleton barely misses the gnoll.
The gnoll hits your gnoll sergeant skeleton with a +0 whip!
You take 9 damage, and have 4/46 hp.
You closely miss the gnoll.
The gnoll is almost dead.
The gnoll barely misses your gnoll sergeant skeleton.
The gnoll hits you with a +0 flail.
You die...

##..
######.######### #
.... #........##.# #
#.... #g####.#....##
# #....
#.#....#...... #
#.....#.#......#...#
......#)####.#.#...#
#........g..#......
#.>.#.#g######.#####
## #.#.Zg@....... #
#########.##


You could see 2 gnolls and a friendly gnoll sergeant skeleton.

Vanquished Creatures
  A black bear (D:5)
  A gnoll sergeant (D:5)
  A scorpion (D:5)
  2 hounds (D:4)
  An orc priest (D:5)
  5 adders
  2 worms (D:2)
  5 ball pythons
  7 bats
  3 endoplasms
  5 giant cockroaches
  2 goblins
  A hobgoblin (D:1)
  3 jackals (D:3)
  4 quokkas
  2 frilled lizards
  8 kobolds
  3 rats (D:2)
56 creatures vanquished.

Vanquished Creatures (collateral kills)
  A ball python (D:2)
  An endoplasm (D:3)
  A hobgoblin (D:2)
  A jackal (D:3)
4 creatures vanquished.

Grand Total: 60 creatures vanquished

Notes
Turn   | Place    | Note
-------+----------+-------------------------------------------
     0 | D:1      | jasper the Mummy Necromancer began the quest for the Orb.
     0 | D:1      | Reached XP level 1. HP: 13/13 MP: 4/4
   400 | D:1      | Reached XP level 2. HP: 19/19 MP: 3/6
  1294 | D:2      | Gained mutation: You are in touch with the powers of death.
                  | [Mummy growth]
  1294 | D:2      | Reached XP level 3. HP: 22/24 MP: 0/8
  1309 | D:2      | Learned a level 3 spell: Vampiric Draining
  1912 | D:2      | Reached XP level 4. HP: 30/30 MP: 3/10
  1917 | D:2      | Learned a level 4 spell: Animate Dead
  2318 | D:3      | Reached skill level 5 in Necromancy
  2408 | D:3      | Found a faded altar of an unknown god.
  2584 | D:3      | Noticed a black bear
  2714 | D:4      | Reached skill level 1 in Fighting
  2714 | D:4      | Reached XP level 5. HP: 37/37 MP: 6/12
  2872 | D:4      | Found a radiant altar of Vehumet.
  2894 | D:4      | Found a broken altar of Ashenzari.
  3129 | D:5      | Entered Level 5 of the Dungeon
  3156 | D:5      | Reached skill level 1 in Armour
  3302 | D:5      | Reached skill level 5 in Spellcasting
  3376 | D:5      | Noticed a black bear
  3381 | D:5      | Killed a black bear
  3382 | D:5      | Reached XP level 6. HP: 46/46 MP: 1/13
  3435 | D:5      | Slain by a gnoll

Illustrated notes

Levels and vault maps discovered:
D:1:      sevenhm_arrival_forest_fort_small_4, layout_basic
D:2:      layout_loops_corners, minmay_small_reverse_x
D:3:      layout_basic, nicolae_gozag_seed_capital, ebering_ecumenical_altar_box
D:4:      layout_rooms, mainiacjoe_overflow_six_doors_small,
          lemuel_crystal_altar
D:5:      layout_basic, uniq_ijyb

Skill      XL: |  1  2  3  4  5  6 |
---------------+-------------------+-----
Spellcasting   | 3 4 5 |  5.0
Necromancy     | 5 |  5.0
Fighting       | 1 2 |  2.7
Dodging        | 2 |  2.7
Armour         | 1 2 |  2.0
Stealth        | |  1.5

Action                     |  1- 3 |  4- 6 || total
---------------------------+-------+-------++-------
  Melee: Mace              |     8 |     2 ||    10
         Trident           |       |     6 ||     6
   Cast: Necrotise         |    58 |    61 ||   119
         Animate Dead      |       |     1 ||     1
         Vampiric Draining |       |     4 ||     4
    Use: Scroll            |     4 |     4 ||     8
 Armour: Robe              |     4 |     6 ||    10
  Dodge: Dodged            |    16 |    18 ||    34

Table legend: (Time is in decaauts)
 A = Elapsed time spent in this place.
 B = Non-inter-level travel time spent in this place.
 C = Inter-level travel time spent in this place.
 D = Time resting spent in this place.
 E = Time spent auto-exploring this place.
 F = Levels seen in this place.
 G = Mean time per level.
                   A        B        C        D        E       F      G
               +--------+--------+--------+--------+--------+-----+--------+
         Total |   3449 |   3293 |    156 |    220 |   2589 |   5 |  689.8 |
       Dungeon |   3449 |   3293 |    156 |    220 |   2589 |   5 |  689.8 |
               +--------+--------+--------+--------+--------+-----+--------+

Top non-repeatable levels by time:
     D:2: 1254 daAuts
     D:1: 1013 daAuts
     D:4: 689 daAuts
     D:3: 334 daAuts
     D:5: 157 daAuts
